 Dungeon Crawl Stone Soup version 0.31-b1-17-gcfd88c8481 (webtiles) character file.

Game seed: 10752841994395047727

111 Strat the Shooter (level 5, -2/61 HPs)
             Began as a Formicid Hunter on Jan 15, 2024.
             Incinerated by a bombardier beetle (5 damage)
             ... with a burning spray
             ... on level 4 of the Dungeon.
             The game lasted 00:05:31 (1950 turns).

Strat the Shooter (Formicid Hunter)                 Turns: 1950, Time: 00:05:31

Health: -2/61      AC: 22    Str: 15    XL:     5   Next: 15%
Magic:  5/5        EV:  2    Int:  9    God:
Gold:   134        SH:  4    Dex: 19    Spells: 4/4 levels left

rFire   . . .        a - +0 shortbow
rCold   . . .        p - +0 buckler
rNeg    . . .        k - melded +0 ring mail
rPois   +            (helmet unavailable)
rElec   .            (cloak currently unavailable)
rCorr   .            q - melded +0 pair of gloves
SInv    .            (boots currently unavailable)
Will    .....        s - amulet of regeneration
Stlth   +            (no ring)
HPRegen 1.10/turn    (no ring)
MPRegen 0.09/turn

%: no passive effects
@: on fire, tree-form, glowing
A: stationary, stasis, torment immunity, boosted hp, permanent stasis, dig
shafts and tunnels, (antennae 3), four strong arms
a: no special abilities


You were on level 4 of the Dungeon.
You were a tree.
You visited 1 branch of the dungeon, and saw 4 of its levels.

You collected 134 gold pieces.

Inventory:

Hand Weapons
 a - a +0 shortbow (weapon)
Missiles
 j - a throwing net
Armour
 k - a +0 ring mail (melded)
 p - a +0 buckler (worn)
 q - a +0 pair of gloves (melded)
Jewellery
 s - an amulet of regeneration (around neck)
Scrolls
 b - a scroll of butterflies
 c - a scroll of fear {unknown}
 e - a scroll of revelation {unknown}
 f - 2 scrolls of enchant armour {unknown}
 h - 2 scrolls of teleportation {unknown}
 l - a scroll of identify {unknown}
 m - a scroll of noise {unknown}
 o - a scroll of poison {unknown}
 r - a scroll of amnesia {unknown}
Potions
 d - 2 potions of curing {unknown}
 g - a potion of lignification
 i - a potion of attraction {unknown}
 n - 2 potions of haste {unknown}
 t - a potion of resistance {unknown}


   Skills:
 - Level 3.0 Fighting
 + Level 5.8 Ranged Weapons
 - Level 1.7 Dodging
 - Level 1.2 Stealth


You had 4 spell levels left.
You didn't know any spells.
Your spell library was empty.

Dungeon Overview and Level Annotations

Branches:
Dungeon (4/15)
 Temple: D:4-7

Altars:
Cheibriados
Fedhas
Hepliaklqana
Trog
Yredelemnul


Innate Abilities, Weirdness & Mutations

You are a tree.
Your roots penetrate the ground, keeping you stationary.
You cannot be teleported.
You are immune to unholy pain and torment.
Your maximum health is greatly increased.
Your equipment is partially melded.
You cannot be hasted, slowed, berserked, paralysed or teleported.
You can dig through walls and to a lower floor.
((You have a pair of large antennae on your head. (SInv)))
Your four strong arms can wield two-handed weapons with a shield.


Message History

The bombardier beetle sprays incendiary fluid at you.
The burning spray hits you.
You are even more covered in liquid fire!
The ogre hits you with a +0 giant spiked club!
* * * LOW HITPOINT WARNING * * *
You shoot an arrow.
The arrow hits the bombardier beetle but does no damage.
The bombardier beetle is severely wounded.
The liquid fire burns you!
* * * LOW HITPOINT WARNING * * *
You shoot an arrow. The arrow hits the bombardier beetle!
You kill the bombardier beetle!
The liquid fire burns you!
* * * LOW HITPOINT WARNING * * *
The ogre hits you but does no damage.
You have reached level 5!
You shoot an arrow. The arrow hits the ogre!
The ogre is moderately wounded.
The liquid fire burns you!
* * * LOW HITPOINT WARNING * * *
The ogre completely misses you.
You shoot an arrow. The arrow barely misses the ogre.
The arrow barely misses the hobgoblin.
The liquid fire burns you!
* * * LOW HITPOINT WARNING * * *
You block the ogre's attack.
You shoot an arrow. The arrow barely misses the ogre.
The arrow barely misses the hobgoblin.
The liquid fire burns you!
* * * LOW HITPOINT WARNING * * *
You shoot an arrow. The arrow hits the ogre.
The ogre is heavily wounded.
The liquid fire burns you!
* * * LOW HITPOINT WARNING * * *
The ogre hits you but does no damage.
Unknown command.
You shoot an arrow. The arrow hits the ogre!
The ogre is almost dead.
The liquid fire burns you!
You die...

# # .#. #.#
#.# #♣# #O#
#g### #...#
#####.#
#.....# .....#
#.######.....#
#.# #..... .#
#.# ##...###.#


You could see an ogre and a hobgoblin.

Vanquished Creatures
  A bombardier beetle (D:4)
  2 adders (D:3)
  4 dart slugs
  4 ball pythons
  4 endoplasms
  3 giant cockroaches
  3 goblins
  8 hobgoblins
  4 kobolds
  3 quokkas
  7 bats
  2 frilled lizards (D:1)
  5 rats
50 creatures vanquished.

Vanquished Creatures (others)
  A hobgoblin (D:4)
1 creature vanquished.

Grand Total: 51 creatures vanquished

Notes
Turn   | Place    | Note
-------+----------+-------------------------------------------
     0 | D:1      | Strat the Formicid Hunter began the quest for the Orb.
     0 | D:1      | Reached XP level 1. HP: 16/16 MP: 1/1
    98 | D:1      | Reached XP level 2. HP: 22/22 MP: 2/2
   278 | D:1      | Reached XP level 3. HP: 27/27 MP: 3/3
   394 | D:1      | Reached skill level 5 in Ranged Weapons
   692 | D:2      | Found a faded altar of an unknown god.
  1438 | D:3      | Reached XP level 4. HP: 34/34 MP: 4/4
  1637 | D:4      | Found a hazy altar of Hepliaklqana.
  1742 | D:4      | Found a snail-covered altar of Cheibriados.
  1742 | D:4      | Found a basalt altar of Yredelemnul.
  1746 | D:4      | Found a blossoming altar of Fedhas.
  1747 | D:4      | Found a bloodstained altar of Trog.
  1768 | D:4      | Noticed an ogre
  1946 | D:4      | Reached XP level 5. HP: 18/41 MP: 5/5
  1949 | D:4      | HP: 2/61 [burnt (5)]
  1950 | D:4      | Incinerated by a bombardier beetle

Illustrated notes

Levels and vault maps discovered:
D:1:      psy_arrival_conway, layout_rooms, kennysheep_another_room,
          minmay_misc_feat_secret_circle, nicolae_figureground_sparkle
D:2:      layout_basic, dreamdust_ecumenical_altar_hidden_monk_grotto
D:3:      cheibrodos_pilgrimage, layout_basic, xom_butterflies
D:4:      layout_loops_cross, grunt_temple_overflow_open

Skill      XL: |  1  2  3  4 |
---------------+-------------+-----
Ranged Weapons | 5 |  5.8
Fighting       | 3 |  3.0
Dodging        | |  1.7
Stealth        | |  1.2

Action                     |  1- 3 |  4- 6 || total
---------------------------+-------+-------++-------
   Fire: Shortbow          |   120 |    52 ||   172
Ability: Dig               |     1 |       ||     1
    Use: Potion            |       |     1 ||     1
 Armour: Leather armour    |     8 |       ||     8
         Ring mail         |    13 |    29 ||    42
         Skin              |       |     5 ||     5
  Dodge: Dodged            |    19 |    20 ||    39
  Block: Buckler           |     2 |    17 ||    19
